 Dungeon Crawl Stone Soup version 0.27.1-1-g398f81649c (webtiles) character file.

Game seed: 13251365514207677855

39 pokedragonboy the Ruffian (level 3, -4/31 HPs)
             Began as a Naga Transmuter on Sept 14, 2021.
             Slain by a gnoll (8 damage)
             ... on level 2 of the Dungeon.
             The game lasted 00:02:58 (1201 turns).

pokedragonboy the Ruffian (Naga Transmuter)         Turns: 1201, Time: 00:02:59

Health: -4/31      AC:  2    Str: 13    XL:     3   Next: 45%
Magic:  6/6        EV: 10    Int: 13    God:
Gold:   35         SH:  0    Dex: 11    Spells: 3/6 levels left

rFire    . . .     SeeInvis +     - Unarmed
rCold    . . .     Faith    .   (no shield)
rNeg     . . .     Spirit   .   a - +0 robe
rPois    +         Reflect  .   (no helmet)
rElec    .         Harm     .   (no cloak)
rCorr    .         Rampage  .   (no gloves)
Will     .....                  (no barding)
Stlth    +.........             (no amulet)
HPRegen  0.10/turn              (no ring)
MPRegen  0.10/turn              (no ring)

@: short of breath, very slow
A: AC +1, large, see invisible, deformed body, poison resistance, slowness 2,
spit poison 1, naga tail 1
a: Spit Poison


You were on level 2 of the Dungeon.
You visited 1 branch of the dungeon, and saw 2 of its levels.

You collected 35 gold pieces.

Inventory:

Hand Weapons
 d - a +0 dagger
Armour
 a - a +0 robe (worn)
 e - a +0 leather armour
Scrolls
 b - a scroll of teleportation {unknown}
 c - 2 scrolls of identify {unknown}
 f - a scroll of amnesia {unknown}


   Skills:
 + Level 1.5 Fighting
 + Level 1.8 Dodging
 * Level 3.4 Unarmed Combat
 + Level 2.1 Spellcasting
 * Level 2.6 Transmutations


You had 3 spell levels left.
You knew the following spells:

 Your Spells              Type           Power      Damage    Failure   Level
a - Beastly Appendage     Tmut           16%        N/A       9%          1
b - Wereblood             Tmut           8%         N/A       13%         2

Your spell library contained the following spells:

 Spells                   Type           Power      Damage    Failure   Level
 Spider Form              Tmut/Pois      2%         N/A       41%         3
 Ice Form                 Ice/Tmut       4%         N/A       82%         4


Dungeon Overview and Level Annotations

Branches:
Dungeon (2/15)

Altars:


Innate Abilities, Weirdness & Mutations

Your serpentine skin is tough. (AC +1)
You have supernaturally acute eyesight. (SInv)
Armour fits poorly on your strangely shaped body.
Your system is resistant to poisons. (rPois)
You cover ground very slowly.
You can spit poison.
You have a snake-like lower body.


Message History

You have reached level 3!
Your experience leads to an increase in your attributes!
Increase (S)trength, (I)ntelligence, or (D)exterity?
You feel stronger.
Your skin feels tougher.
You have got your breath back.
The gnoll barely misses you.
Press: ? - help, Shift-Dir - straight line, f/p - gnoll
Aim: a gnoll, wielding a +0 spear The splash of poison hits the gnoll!
The gnoll is poisoned.
The gnoll is heavily wounded.
The gnoll closely misses you. The gnoll barely misses you.
Your horns disappear.
The gnoll hits you with a +0 whip.
You have got your breath back.
You kill the gnoll!
Press: ? - help, Shift-Dir - straight line, f/p - gnoll
Aim: a gnoll, wielding a +0 spear The splash of poison hits the gnoll.
The gnoll is heavily wounded.
The gnoll barely misses you.
Unknown command.
The gnoll hits you from afar with a +0 spear.
You have got your breath back.
Press: ? - help, Shift-Dir - straight line, f/p - gnoll
Aim: a gnoll, wielding a +0 spear (heavily wounded)
The splash of poison hits the gnoll.
The gnoll is poisoned.
The gnoll is severely wounded.
The gnoll hits you from afar with a +0 spear.
The gnoll hits you from afar with a +0 spear.
* * * LOW HITPOINT WARNING * * *
You have got your breath back.
The gnoll looks more healthy.
The gnoll barely misses you.
Press: ? - help, Shift-Dir - straight line, f/p - gnoll
Aim: a gnoll, wielding a +0 spear (almost dead)
The splash of poison misses the gnoll.
The gnoll hits you from afar with a +0 spear.
* * * LOW HITPOINT WARNING * * *
You aren't carrying any potions.
The gnoll hits you from afar with a +0 spear!
You die...

#.##....# #.#.#.#
#+# #...## #.#
##)######### #.#
#.#.......###.######
#g#.###............#
#.#.# #.#.#g....##.#
#.#.###.#.##..<##
#..)....#.###@##
###.#####.# #.# #.#
#.# #.# #.#####.#
#.# #.......# #.#
######### #.# #.#
#.#


You could see a gnoll.

Vanquished Creatures
  2 gnolls (D:2)
  2 endoplasms (D:1)
  A giant cockroach (D:1)
  A goblin (D:1)
  3 hobgoblins (D:1)
  2 kobolds (D:1)
  A quokka (D:1)
  A ball python (D:1)
  3 bats (D:1)
  3 frilled lizards (D:1)
19 creatures vanquished.

Notes
Turn   | Place    | Note
-------+----------+-------------------------------------------
     0 | D:1      | pokedragonboy the Naga Transmuter began the quest for the
                  | Orb.
     0 | D:1      | Reached XP level 1. HP: 18/18 MP: 3/3
   392 | D:1      | Reached XP level 2. HP: 22/25 MP: 1/5
   398 | D:1      | Learned a level 2 spell: Wereblood
  1184 | D:2      | Reached XP level 3. HP: 14/31 MP: 6/6
  1201 | D:2      | Slain by a gnoll

Illustrated notes

Levels and vault maps discovered:
D:1:      dpeg_arrival_round_c, layout_basic
D:2:      layout_loops_corners

Action                   || total
-------------------------++-------
Melee: Unarmed           ||    38
       Headbutt          ||     5
       Punch             ||     1
 Cast: Beastly Appendage ||    12
 Abil: Spit Poison       ||    10
Armor: Robe              ||     8
Dodge: Dodged            ||    25
